 Dungeon Crawl Stone Soup version 0.21-a0-91-ga5031da (webtiles) character file.

438514 4thArraOfDagon the Fencer (level 23, -8/189 HPs)
             Began as a Hill Orc Enchanter on June 28, 2017.
             Was the Champion of Hepliaklqana.
             Mangled by a titan (39 damage)
             ... on level 5 of the Vaults.
             The game lasted 03:43:50 (33048 turns).

4thArraOfDagon the Fencer (Hill Orc Enchanter)     Turns: 33048, Time: 03:43:51

Health: -8/189     AC: 36    Str: 41    XL:     23   Next: 72%
Magic:  33/34      EV: 18    Int: 20    God:    Hepliaklqana [******]
Gold:   3209       SH:  0    Dex: 18    Spells: 11/31 levels left

rFire    + . .     SeeInvis +   G - +6 great sword of Latial {elec, rF+ rN+ Dex+4}
rCold    + . .     Gourm    .   (shield currently unavailable)
rNeg     + + +     Faith    .   X - +6 plate armour {MR+}
rPois    .         Spirit   .   V - +2 helmet {SInv}
rElec    +         Reflect  .   h - scarf "Yclerr" {Int+3}
rCorr    .         Harm     .   x - +0 pair of gloves "Luogah" {rElec Str+7 Int-3 Stlth+}
MR       +++..                  k - +0 pair of boots "Reblieh" {Str+9 Int-3}
Stlth    ..........             J - amulet of regeneration
HPRegen  1.81/turn              Q - ring "Xiduxil" {*Drain rF+ rN+ AC+3 SInv}
MPRegen  0.24/turn              p - ring of Humoblyuff {rElec rF- rC+ rN+ Dex+5}

@: mighty, brilliant, regenerating (expiring), hasted, very quick
A: reduced essence, yellow scales 1, clumsy 1, magic resistance 1, strong 1
}: 3/15 runes: serpentine, barnacled, slimy
a: Recall Ancestor, Ancestor Identity, Transference, Idealise, Renounce Religion


You were on level 5 of the Vaults.
You worshipped Hepliaklqana.
Hepliaklqana was exalted by your worship.
You were not hungry.

You visited 8 branches of the dungeon, and saw 44 of its levels.
You also visited: Bailey, Ice Cave and Wizlab.

You collected 5103 gold pieces.
You spent 1894 gold pieces at shops.

Inventory:

Hand Weapons
 G - the +6 great sword of Latial (weapon) {elec, rF+ rN+ Dex+4}
   (You took it off a deep elf annihilator on level 3 of the Elven Halls)

   Occasionally, upon striking a foe, it will discharge some electrical energy
   and cause terrible harm.
   It affects your dexterity (+4).
   It protects you from fire.
   It protects you from negative energy.
 N - the +7 great mace of Poetewno {crush, rElec rPois rF+ Stlth+}
   (You found it on level 5 of the Pits of Slime)

   It inflicts extra damage upon your enemies.
   It protects you from fire.
   It insulates you from electricity.
   It protects you from poison.
   It makes you more stealthy.
 Y - a +8 broad axe of electrocution
Missiles
 a - 6 poisoned javelins (quivered)
 b - 4 exploding tomahawks
 t - 17 silver javelins
 v - 20 steel javelins
 z - 8 tomahawks of dispersal
 I - 16 javelins of returning
 S - 5 throwing nets
Armour
 h - the scarf "Yclerr" (worn) {Int+3}
   (You acquired it on level 5 of the Pits of Slime)

   It affects your intelligence (+3).
 k - the +0 pair of boots "Reblieh" (worn) {Str+9 Int-3}
   (You found it on level 3 of the Elven Halls)

   It affects your strength (+9).
   It affects your intelligence (-3).
 x - the +0 pair of gloves "Luogah" (worn) {rElec Str+7 Int-3 Stlth+}
   (You found it on level 3 of the Elven Halls)

   It affects your strength (+7).
   It affects your intelligence (-3).
   It insulates you from electricity.
   It makes you more stealthy.
 U - the +2 pair of boots of the Assassin {Detection Stab+ Stlth++}
   (You found it on level 5 of the Pits of Slime)

   It makes you much more stealthy.
 V - a +2 helmet of see invisible (worn)
 X - a +6 plate armour of magic resistance (worn)
Jewellery
 p - the ring of Humoblyuff (right hand) {rElec rF- rC+ rN+ Dex+5}
   (You found it on level 2 of the Elven Halls)

   [ring of protection from cold]

   It affects your dexterity (+5).
   It makes you vulnerable to fire.
   It protects you from cold.
   It insulates you from electricity.
   It protects you from negative energy.
 J - an amulet of regeneration (around neck)
 O - an uncursed ring of resist corrosion
 Q - the ring "Xiduxil" (left hand) {*Drain rF+ rN+ AC+3 SInv}
   (You bought it in a shop on level 2 of the Orcish Mines)

   [ring of protection]

   It affects your AC (+3).
   It protects you from fire.
   It protects you from negative energy.
   It lets you see invisible.
   It causes draining when unequipped.
Wands
 c - a wand of digging (10/24)
 L - a wand of acid (9/15)
 M - a wand of scattershot (4/9)
Scrolls
 d - 6 scrolls of identify
 e - 2 scrolls of enchant armour
 g - 9 scrolls of teleportation
 i - 2 scrolls of fog
 m - 6 scrolls of fear
 s - a scroll of holy word
 w - 3 scrolls of magic mapping
 y - 9 scrolls of remove curse
 E - 4 scrolls of blinking
 H - a scroll of summoning
 K - 5 scrolls of recharging
Potions
 f - 3 potions of mutation
 j - 5 potions of might
 n - 2 potions of curing
 o - 7 potions of flight
 r - 4 potions of haste
 u - 8 potions of brilliance
 A - a potion of invisibility
 B - a potion of agility
 C - 9 potions of magic
 D - 3 potions of resistance
 F - 4 potions of cancellation
 T - 5 potions of ambrosia
Miscellaneous
 P - a phantom mirror
 W - a fan of gales (inert)
 Z - a phial of floods
Comestibles
 l - 19 meat rations
 q - 10 bread rations


   Skills:
 + Level 18.3 Fighting
   Level 1.0(12.6) Short Blades
 - Level 20.0 Long Blades
 - Level 14.8(18.1) Axes
 - Level 15.2(16.8) Maces & Flails
 + Level 10.4 Throwing
 + Level 17.4 Armour
 + Level 12.9 Dodging
 - Level 2.4 Stealth
 + Level 4.8 Spellcasting
   Level 3.0 Hexes
 - Level 7.3 Charms
 - Level 7.5 Necromancy
 * Level 2.5 Translocations
 + Level 15.0 Invocations


You had 11 spell levels left.
You knew the following spells:

 Your Spells              Type           Power        Failure   Level  Hunger
a - Lee's Rapid Deconstr  Erth           ###.......   65%         5    ######.
b - Passwall              Tmut/Erth      ###.......   7%          2    #......
c - Blink                 Tloc           N/A          2%          2    #......
d - Swiftness             Chrm/Air       ####....     1%          2    #......
e - Sublimation of Blood  Necr           #####.....   1%          2    #......
f - Regeneration          Chrm/Necr      #####.....   1%          3    ##.....
g - Passage of Golubria   Tloc           N/A          14%         4    ####...


Dungeon Overview and Level Annotations

Branches:
Dungeon (15/15)            Temple (0/1) D:5            Lair (6/6) D:9
 Shoals (4/4) Lair:3        Snake (4/4) Lair:2        Slime (5/5) Lair:5
    Orc (2/2) D:9             Elf (3/3) Orc:2        Vaults (5/5) D:14
  Crypt: Vaults:2-3  Depths: D:15

Altars:
Ashenzari
Elyvilon
Fedhas
Hepliaklqana
Makhleb
Nemelex Xobeh
Okawaru
Sif Muna
Trog
Vehumet
Wu Jian
Yredelemnul
Beogh
Jiyva

Shops:
D:4 ==%   Orc:2 [**   Elf:2 *   Elf:3 :(   Vaults:1 !   Vaults:4 (

Annotations:
D:3 Ferkelamun's ghost, amateur BaFi
D:13 Kirke
Elf:2 5 runed doors
Elf:3 exclusion: orange crystal statue
Vaults:2 CRYPTS


Innate Abilities, Weirdness & Mutations

Your life essence is reduced to manifest your ancestor. (-10% HP)
You are partially covered in yellow scales. (AC +2)
You are clumsy. (Dex -2)
You are resistant to hostile enchantments. (MR+)
Your muscles are strong. (Str +2)


Message History

The ironbrand convoker is severely wounded.
Your skin is crawling a little less now.
Unknown command.
You slash the ironbrand convoker!
The ironbrand convoker is almost dead.
The ironbrand convoker completely misses you.
Unknown command.
You slice the ironbrand convoker like a ripe choko!!!
Lightning courses through the ironbrand convoker!
You kill the ironbrand convoker!
Unknown command.
You feel better.
Unknown command.
You slice the titan!!
The titan is moderately wounded.
Unknown command.
You slash the titan!
The titan is moderately wounded.
The titan hits you!!!
You die...

#..Q.#######***********##
#..*p.......,,,,,,,,,,,..
#...(.......,,,,,,,,,,,..
#...(.......,,,,,,,,,,,.e
#.....C..CW.,,,,,,,,,,,..
#..)C###########*******##
#....*.)§......e,,,,,,,,,
#..#..##C###.##*,***,***,
#..#.###@# *,* *,* *,* *,
#..#.#*#.#**,***,***,***,
#..#............,,,,,,,,,
#.,#.###..######,******,,
*,,#.# #.##,,,,,,,,,,,**,
*,,#.**#.#,,*********,,*,
*,,*,,,..#,**,,,,,,,**,*,
*,,*,**#.#,*,,,,,,,,,*,*,
*,,*,* #.#,,,,,,,,,,,,,*,


You could see a titan.

Vanquished Creatures
  Mara (Vaults:2)
  Vashnia (Snake:2)
  A golden dragon (Vaults:5)
  An Ice Fiend (IceCv)
  A titan (Vaults:4)
  A tentacled monstrosity (Vaults:5)
  11 acid blobs
  A deep elf master archer (Elf:3)
  Asterion (Snake:4)
  A kraken (Shoals:3)
  A shadow dragon (Vaults:5)
  An ancient champion (WizLab)
  Ilsuiw (Shoals:3)
  A tengu reaver (Vaults:5)
  4 frost giants
  5 azure jellies
  2 fire giants
  3 deep elf sorcerers (Elf:3)
  Aizul (Shoals:1)
  An orc warlord (D:12)
  6 vault wardens
  2 deep elf elementalists
  A ghoul (Vaults:2)
  6 stone giants
  A very ugly thing (Vaults:4)
  4 ironheart preservers
  2 entropy weavers
  Azrael (Snake:2)
  The ghost of Kidiri the Eclecticist, a journeyman DEFE of Vehumet (Lair:6)
  6 deep elf annihilators
  3 deep elf demonologists
  4 merfolk javelineers
  4 death oozes (Slime:5)
  6 deep elf death magi
  Josephine (D:12)
  10 merfolk impalers
  Snorg (Orc:1)
  A deep elf high priest (Elf:3)
  A great orb of eyes (Slime:2)
  5 yaktaur captains
  3 hydras
  7 naga warriors
  22 vault guards
  3 ice dragons
  3 anacondas
  11 two-headed ogres
  2 alligator snapping turtles (Shoals:4)
  2 catoblepae
  5 centaur warriors
  3 death knights
  A deep troll earth mage (Vaults:2)
  7 dancing weapons
  A merfolk aquamancer (Shoals:4)
  2 satyrs (Shoals:4)
  8 death yaks
  3 orc high priests (Orc:2)
  7 ogre magi
  A deep troll shaman (Vaults:2)
  A shock serpent (Snake:4)
  6 naga sharpshooters
  12 deep elf knights
  3 deep trolls (Vaults:2)
  6 skeletal warriors (WizLab)
  4 sea snakes
  A small abomination (Elf:3)
  2 glowing orange brains (Slime:4)
  5 wizards
  6 unseen horrors
  9 deep elf archers
  2 flayed ghosts
  13 orc knights
  2 naga ritualists
  The ghost of nikopol the Thaumaturge, a novice DEFE (Bailey)
  8 ironbrand convokers
  A wolf spider (Vaults:1)
  6 harpies
  A necromancer (Vaults:1)
  5 mana vipers
  3 orc sorcerers
  44 deep elf magi
  A salamander (shapeshifter) (D:12)
  3 manticores
  7 salamanders
  A faun (Shoals:2)
  5 ugly things
  2 shining eyes
  A centaur zombie (D:11)
  2 cyclopes (Shoals:4)
  5 naga magi
  3 human skeletons (Vaults:1)
  3 ice statues
  7 vault sentinels
  6 black mambas
  An elephant (Lair:6)
  A water nymph (shapeshifter) (Vaults:4)
  Joseph (D:9)
  2 gargoyles
  7 merfolk sirens
  3 eyes of devastation
  4 water nymphs
  5 spiny frogs
  17 yaktaurs
  4 rime drakes
  6 komodo dragons
  A yaktaur (shapeshifter) (Elf:3)
  8 ice devils (IceCv)
  A komodo dragon (shapeshifter) (Elf:3)
  4 harpy zombies (Shoals:4)
  A tengu conjurer (D:11)
  20 merfolk
  3 trolls
  2 hornets
  2 meliai (D:14)
  6 wind drakes
  64 slime creatures
  7 blink frogs
  A meliai zombie (D:15)
  A harpy skeleton (D:13)
  3 dream sheep (Shoals:4)
  3 hippogriffs
  9 snapping turtles
  4 wraiths
  3 vampires
  3 hogs (D:13)
  A shadow (D:11)
  2 wyverns
  12 water elementals
  A tarantella (shapeshifter) (D:12)
  34 yaks
  A redback (Vaults:3)
  A tarantella (Vaults:3)
  3 steam dragons (Shoals:2)
  3 hungry ghosts
  14 golden eyes
  2 fire elementals
  4 vampire mosquitoes
  2 wargs (Vaults:4)
  3 two-headed ogre zombies (WizLab)
  22 nagas
  6 water moccasins
  A hell hound (Snake:2)
  An acid dragon (Vaults:2)
  4 porcupines
  19 orc warriors
  3 phantoms
  2 black bears
  A boggart (Vaults:3)
  2 ice beasts
  4 eyes of draining
  5 centaurs
  7 ogres
  9 wolves
  An orc skeleton (Vaults:1)
  2 big kobolds
  10 crocodiles
  8 bullfrogs
  A wyvern zombie (D:11)
  An earth elemental (Elf:3)
  A wyvern skeleton (D:7)
  3 scorpions
  A water moccasin skeleton (D:5)
  A human simulacrum (Vaults:3)
  A troll zombie (WizLab)
  6 wights
  4 electric eels
  3 crimson imps
  A bullfrog zombie (D:5)
  A jelly (Lair:5)
  2 lava snakes (D:11)
  2 bullfrog skeletons
  A gnoll shaman (D:8)
  19 orc wizards
  13 orc priests
  3 hounds
  3 centaur skeletons
  4 iguanas
  Ijyb (D:5)
  6 worker ants
  An ogre zombie (WizLab)
  A hound skeleton (D:7)
  17 gnolls
  9 adders
  3 shadow imps
  4 white imps (IceCv)
  6 ufetubi (IceCv)
  6 oozes
  2 worms (D:2)
  A dart slug (D:1)
  4 leopard geckos
  63 orcs
  A bat zombie (Shoals:4)
  4 giant cockroaches
  3 goblins
  23 hobgoblins
  7 jackals
  3 quokkas
  12 bats
  A frilled lizard (D:2)
  11 kobolds
  A quokka skeleton (D:5)
  8 rats
  8 plants
  2 tentacles (Shoals:3)
1050 creatures vanquished.

Vanquished Creatures (collateral kills)
  the Royal Jelly (Slime:5)
  An ancient lich (WizLab)
  Jorgrun (Snake:2)
  An Ice Fiend (IceCv)
  4 deep elf blademasters (Elf:3)
  A deep elf master archer (Elf:3)
  10 acid blobs
  A sphinx (Vaults:1)
  Agnes (D:14)
  Polyphemus (Shoals:4)
  Donald (Shoals:1)
  A tengu reaver (Vaults:5)
  A frost giant (Shoals:4)
  5 azure jellies
  4 nagarajas (Snake:4)
  A deep elf sorcerer (Elf:3)
  3 vault wardens
  2 deep elf elementalists (Elf:3)
  3 ironheart preservers
  A deep elf demonologist (Elf:3)
  4 deep elf annihilators (Elf:3)
  A death ooze (Slime:4)
  2 deep elf death magi
  A merfolk impaler (Shoals:2)
  6 merfolk javelineers
  A yaktaur captain (Vaults:2)
  3 ogre magi
  Fannar (Orc:1)
  4 great orbs of eyes
  9 vault guards
  3 catoblepae
  A hydra (Lair:6)
  12 naga warriors
  A centaur warrior (Vaults:1)
  5 merfolk avatars
  An alligator snapping turtle (Shoals:2)
  3 merfolk aquamancers
  4 anacondas
  A tengu warrior (D:11)
  9 dancing weapons
  3 two-headed ogres
  7 death yaks
  An orc high priest (Orc:1)
  Urug (Lair:5)
  4 naga sharpshooters
  2 shock serpents (Snake:4)
  12 deep elf knights
  Nergalle (Orc:1)
  3 salamander mystics
  3 skeletal warriors
  A shadow wraith (Vaults:2)
  36 slime creatures
  7 sea snakes
  A wizard (D:14)
  2 unseen horrors
  A glowing orange brain (Slime:4)
  11 deep elf archers
  2 ironbrand convokers
  6 naga ritualists (Snake:4)
  2 harpies
  4 orc sorcerers
  4 orc knights
  21 deep elf magi
  A cyclops (D:12)
  3 ugly things
  A faun (Shoals:1)
  3 mana vipers
  2 manticores
  6 salamanders
  5 shining eyes
  3 elephants (Lair:6)
  2 water nymphs
  An ice statue (Snake:3)
  A guardian serpent (Snake:1)
  15 naga magi
  11 black mambas
  A merfolk siren (Shoals:4)
  2 vault sentinels
  Maurice (Orc:1)
  3 spiny frogs
  8 yaktaurs
  2 rime drakes (Shoals:2)
  3 freezing wraiths
  6 ice devils (IceCv)
  3 komodo dragons
  A meliai (D:14)
  4 trolls
  A wind drake (Shoals:2)
  14 merfolk
  A polar bear (Lair:2)
  4 snapping turtles
  4 hippogriffs
  5 blink frogs
  A centaur simulacrum (D:15)
  2 air elementals
  2 redbacks (Vaults:3)
  3 wraiths (D:12)
  A wyvern (Lair:4)
  3 vampires
  3 water elementals
  2 hogs (D:13)
  2 shadows (D:12)
  30 yaks
  An ettin skeleton (Vaults:1)
  3 basilisks
  3 fire elementals
  3 golden eyes (Slime:1)
  A hungry ghost (D:10)
  4 vampire mosquitoes
  2 wargs
  15 nagas
  A two-headed ogre zombie (WizLab)
  4 water moccasins
  4 porcupines
  An eye of draining (shapeshifter) (Vaults:2)
  21 orc warriors
  A necrophage (D:7)
  2 ice beasts
  7 ogres
  3 sky beasts
  2 black bears
  A phantom (D:12)
  2 eyes of draining
  6 wolves
  A hornet zombie (D:8)
  4 centaurs
  4 crocodiles
  8 bullfrogs
  A hippogriff zombie (Shoals:4)
  2 earth elementals
  A wyvern zombie (D:10)
  A wyvern skeleton (D:12)
  2 scorpions
  5 troll zombies (WizLab)
  12 wights
  A howler monkey (D:6)
  A centaur zombie (D:8)
  5 crimson imps
  A quasit (D:9)
  4 bullfrog zombies
  11 orc priests
  8 jellies
  An iguana (D:10)
  9 orc wizards
  2 worker ants
  3 ogre zombies (WizLab)
  2 worker ant zombies
  4 gnolls
  10 adders
  A howler monkey skeleton (D:6)
  5 white imps (IceCv)
  2 ufetubi (IceCv)
  An ooze (Lair:5)
  An adder skeleton (D:5)
  An adder zombie (D:5)
  A worm (D:2)
  A dart slug (D:1)
  29 orcs
  3 goblins
  A hobgoblin (D:1)
  5 jackals
  5 kobolds
  A ball python (D:1)
  A bat (D:3)
  2 frilled lizards (D:2)
  A giant cockroach zombie (D:6)
  3 fungi
  7 plants
678 creatures vanquished.

Vanquished Creatures (others)
  A deep elf knight (Vaults:2)
  A deep elf mage (Vaults:2)
  A tengu conjurer (D:15)
  A raiju (shapeshifter) (Vaults:1)
  An orc wizard (Orc:2)
  39 battlemagi
  An orc (Orc:1)
  4 ancestors
  A fungus (Lair:5)
  4 plants
  8 tentacles (Shoals:3)
62 creatures vanquished.

Grand Total: 1790 creatures vanquished

Notes
Turn   | Place    | Note
-------+----------+-------------------------------------------
     0 | D:1      | 4thArraOfDagon the Hill Orc Enchanter began the quest for the Orb.
     0 | D:1      | Reached XP level 1. HP: 14/14 MP: 3/3
   213 | D:1      | Reached skill level 1 in Armour
   246 | D:1      | Reached skill level 1 in Fighting
   312 | D:1      | Reached XP level 2. HP: 14/23 MP: 4/4
   566 | D:1      | Learned a level 2 spell: Ensorcelled Hibernation
   819 | D:2      | Reached XP level 3. HP: 29/29 MP: 2/5
   907 | D:2      | Found a basalt altar of Yredelemnul.
   907 | D:2      | Found an ornate altar of the Wu Jian Council.
   912 | D:2      | Found a white marble altar of Elyvilon.
   914 | D:2      | Found a hazy altar of Hepliaklqana.
   915 | D:2      | Found a shattered altar of Ashenzari.
   920 | D:2      | Became a worshipper of Hepliaklqana the Forgotten
  1072 | D:1      | Reached skill level 1 in Maces & Flails
  1142 | D:2      | Thaneod: challenge or normal game?
  1468 | D:2      | 4thArraOfDagon: lol :)
  1468 | D:2      | 4thArraOfDagon: czemu niegrasz?
  1479 | D:1      | Thaneod: patrze
  1572 | D:1      | Thaneod: wczoraj mnie pedritolo uczył trochę
  1583 | D:1      | 4thArraOfDagon: o
  1583 | D:1      | 4thArraOfDagon: dobry jest
  1585 | D:1      | Found a sparkling altar of Nemelex Xobeh.
  1603 | D:1      | 4thArraOfDagon: a tu normalnie gram
  1603 | D:1      | 4thArraOfDagon: skupiam sie poprostu na wygranej
  1677 | D:1      | Thaneod: aha
  1683 | D:1      | 4thArraOfDagon: musze znalesc kobolda
  1683 | D:1      | Thaneod: a co można zrobić ze zwłokami?
  1683 | D:1      | 4thArraOfDagon: ktory ma whip of venom
  1685 | D:1      | 4thArraOfDagon: zjesc
  1685 | D:1      | Thaneod: i po co kobolda?
  1688 | D:1      | Thaneod: ztamować?
  1699 | D:1      | 4thArraOfDagon: ten
  1699 | D:1      | 4thArraOfDagon: nie, poprostu chce jego bron
  1733 | D:1      | 4thArraOfDagon: umiesz zarzadzac skillami?
  1733 | D:1      | Thaneod: czytałem na wiki
  1733 | D:1      | Thaneod: w weekend sobie normalnie pogram
  1733 | D:1      | 4thArraOfDagon: spoko
  1733 | D:1      | 4thArraOfDagon: a kiedy do roboty
  2002 | D:2      | Reached XP level 4. HP: 17/32 MP: 6/6
  2009 | D:2      | Thaneod: a jakbyś robił najłatwiejsze postacie żeby przejść grę, to dużo postaci Ci zginie?
  2024 | D:2      | Thaneod: np troll berserker
  2411 | D:3      | 4thArraOfDagon: troll berserker jest trudny
  2411 | D:3      | 4thArraOfDagon: na poczatku bardzo latwy ale potem jest ciezko
  2411 | D:3      | 4thArraOfDagon: najprostrzy to chyba minotaur fighter
  2411 | D:3      | Thaneod: a minotaur berserker?
  2411 | D:3      | 4thArraOfDagon: z toporami
  2411 | D:3      | Thaneod: aha ok
  2411 | D:3      | 4thArraOfDagon: i bierzesz boga okawaru
  2411 | D:3      | Thaneod: a da się polamić na łatwych potworach aby zrobyć lvl?
  2411 | D:3      | 4thArraOfDagon: ta
  2426 | D:3      | Reached skill level 1 in Invocations
  2434 | D:3      | Thaneod: to dobrze:)
  2572 | D:3      | Reached XP level 5. HP: 29/37 MP: 7/7
  2573 | D:3      | Noticed Ferkelamun's ghost (amateur BaFi)
  2576 | D:3      | 4thArraOfDagon: o, ktos tu zginal :)
  2576 | D:3      | Thaneod: a grasz wogóle łucznikami albo magami, czy za dużo klikania?
  2576 | D:3      | 4thArraOfDagon: centaur hunter
  2576 | D:3      | Thaneod: wczoraj Perkelemun grał:)
  2576 | D:3      | 4thArraOfDagon: jest bardzo spoko
  2576 | D:3      | 4thArraOfDagon: magowie ciezcy ale tez ok
  2576 | D:3      | 4thArraOfDagon: zobaczmy co tam mial
  2576 | D:3      | 4thArraOfDagon: ciekawego
  2576 | D:3      | 4thArraOfDagon: i jak zginal
  2576 | D:3      | Thaneod: będziesz miał jego itemy?
  2576 | D:3      | Thaneod: ?? Ferkelamun
  2576 | D:3      | beem: I don't have a page labeled Ferkelamun in my learndb.
  2576 | D:3      | Thaneod: ?? Ferkelamun's ghost
  2576 | D:3      | beem: I don't have a page labeled Ferkelamun's_ghost in my learndb.
  2576 | D:3      | Thaneod: . morgue Ferkelamm
  2576 | D:3      | 4thArraOfDagon: http://crawl.xtahua.com/crawl/morgue/Ferkelamun/morgue-Ferkelamun-20170628-141127.txt
  2576 | D:3      | 4thArraOfDagon: tu jest
  2576 | D:3      | 4thArraOfDagon: wlasnie niewiem jak sie pyta o playera ale sie da
  2576 | D:3      | 4thArraOfDagon: !lg
  2576 | D:3      | Thaneod: o z dzsisiJ:)
  2576 | D:3      | beem: 13230. 4thArraOfDagon the Feline Aeon (L27 FeIE of Cheibriados), escaped with the Orb and 15 runes on 2017-06-28 12:10:46, with 33950943 points after 43362 turns and 5:46:25.
  2576 | D:3      | 4thArraOfDagon: to twoja ostatnia wygrana gra
  2576 | D:3      | 4thArraOfDagon: jak dasz !lg
  2580 | D:3      | Thaneod: !lg
  2597 | D:3      | beem: 1. Thaneod the Firebug (L1 DEFE), slain by a bat on D:1 on 2017-05-05 15:20:07, with 1 point after 399 turns and 0:06:26.
  2796 | D:3      | Found an iron altar of Okawaru.
  2801 | D:3      | Thaneod: dobrze że tutoriali nie liczy:)
  2801 | D:3      | 4thArraOfDagon: jak chcesz to moge ci pomoc
  2801 | D:3      | 4thArraOfDagon: grasz teraz?
  2987 | D:4      | Thaneod: w weekend sobie na dłużejs iądę chyba
  3017 | D:4      | Found a burning altar of Makhleb.
  3052 | D:4      | Found Uzyky's Food Shop.
  3057 | D:4      | Thaneod: w sensie żeby się skupić jakoś , a nie robić trąby jak w diablo2
  3071 | D:4      | Found Doeteokh's Jewellery Shoppe.
  3079 | D:4      | Reached * piety under Hepliaklqana
  3109 | D:4      | 4thArraOfDagon: takie sklepy jak ten
  3109 | D:4      | 4thArraOfDagon: to bogoslawienstwo
  3109 | D:4      | 4thArraOfDagon: sklep z bizuteria na d:4
  3109 | D:4      | 4thArraOfDagon: pro tip: jesli widzisz dwa sklepy na lewelu ( jak tutaj) to napewno bede jeszcze 2 czyli w sumie 4
  3109 | D:4      | Thaneod: czyli jest albo 1 albo 4?
  3109 | D:4      | 4thArraOfDagon: w 95% przypadkow tak
  3109 | D:4      | Thaneod: artefakt jeden?
  3109 | D:4      | 4thArraOfDagon: czasami sie zddaza ze mimik sklep jest ale to zadkosc
  3109 | D:4      | 4thArraOfDagon: ten sklep to akurat lipa totalna
  3109 | D:4      | 4thArraOfDagon: nic nie kupie haha
  3109 | D:4      | Thaneod: of Zunewu nie?
  3109 | D:4      | 4thArraOfDagon: nie, lipa
  3109 | D:4      | 4thArraOfDagon: rn+ niepotrzebne teraz
  3109 | D:4      | 4thArraOfDagon: a int+2 nie jestem magiem :)
  3109 | D:4      | Thaneod: a magic reg dla magaa?
  3109 | D:4      | 4thArraOfDagon: tylko brudnym dzikim orkiem
  3109 | D:4      | 4thArraOfDagon: ta
  3109 | D:4      | 4thArraOfDagon: to jest podstawa
  3109 | D:4      | Thaneod: taa
  3109 | D:4      | 4thArraOfDagon: magic regen
  3109 | D:4      | Thaneod: a int masz 16
  3109 | D:4      | 4thArraOfDagon: wiem, bo zaczalem enchanterem
  3109 | D:4      | 4thArraOfDagon: czyli ork mag
  3109 | D:4      | 4thArraOfDagon: ale ide w walke bronia
  3133 | D:4      | Thaneod: możesz zmienić klasy?
  3198 | D:4      | Thaneod: pisze że jesteś skirmisher a nie enchanter
  3222 | D:4      | 4thArraOfDagon: skirmi to tytul
  3222 | D:4      | 4thArraOfDagon: po twojim najwyzszym skillu
  3222 | D:4      | Thaneod: ah lol
  3222 | D:4      | 4thArraOfDagon: taki styl :)
  3222 | D:4      | 4thArraOfDagon: tutaj masz wszystko
  3222 | D:4      | Thaneod: bez amu i ringa?
  3284 | D:4      | 4thArraOfDagon: patrz - ja juz wiem ze za tym drzewem jest sklep
  3284 | D:4      | 4thArraOfDagon: (trzeci)
  3284 | D:4      | 4thArraOfDagon: tu
  3291 | D:4      | Reached XP level 6. HP: 38/45 MP: 8/8
  3292 | D:4      | Found Axkujoy's Jewellery Boutique.
  3307 | D:4      | Thaneod: co jest dobre?
  3307 | D:4      | 4thArraOfDagon: hmm
  3307 | D:4      | 4thArraOfDagon: dwa amulety
  3307 | D:4      | 4thArraOfDagon: regeneration i shielding
  3307 | D:4      | 4thArraOfDagon: ten shielding jestes wstanie znalesc na wiki
  3307 | D:4      | Thaneod: artefakt?
  3307 | D:4      | 4thArraOfDagon: ten
  3307 | D:4      | Thaneod: za 1063 golda?
  3307 | D:4      | 4thArraOfDagon: http://crawl.chaosforge.org/Brooch_of_Shielding
  3307 | D:4      | 4thArraOfDagon: warty swojej ceny
  3307 | D:4      | 4thArraOfDagon: ale najpierw kupie regen
  3326 | D:4      | Reached skill level 1 in Throwing
  3525 | D:4      | Thaneod: a masz gdzieś listę itemów w sklepie, albo sklepów?
  3742 | D:4      | Thaneod: żebyś później wiedział gdzie wrócić?
  3742 | D:4      | 4thArraOfDagon: tak
  3742 | D:4      | 4thArraOfDagon: poprostu szukasz
  3742 | D:4      | 4thArraOfDagon: czyli ctrl+f
  3742 | D:4      | 4thArraOfDagon: i piszesz shop
  3742 | D:4      | 4thArraOfDagon: potem klikasz ?
  3742 | D:4      | 4thArraOfDagon: i wybierasz sklep
  3742 | D:4      | 4thArraOfDagon: i widzisz co w kazdym jest
  3742 | D:4      | 4thArraOfDagon: mozesz sobie tez ustawic powiadomienie
  3742 | D:4      | Thaneod: ooo
  3742 | D:4      | Thaneod: itemy się nie zmieniają?
  3742 | D:4      | 4thArraOfDagon: ze jak uzbierasz okreslona liczbe golda na itemy to ci powie
  3742 | D:4      | Thaneod: ani restockują?
  3742 | D:4      | 4thArraOfDagon: nie
  3742 | D:4      | 4thArraOfDagon: sa jednorazowe haha
  3742 | D:4      | 4thArraOfDagon: ale wystacza
  3742 | D:4      | Thaneod: albo flashbangi jak mocny potwór:)
  3742 | D:4      | Thaneod: ooo
  3742 | D:4      | 4thArraOfDagon: sproboje ustawic powiadomienie
  3742 | D:4      | 4thArraOfDagon: sprobojmy
  3742 | D:4      | Thaneod: mówi CI co możesz kupic?
  3742 | D:4      | 4thArraOfDagon: w sumie nie bawilem sie tym
  3742 | D:4      | 4thArraOfDagon: a
  3742 | D:4      | 4thArraOfDagon: ta
  3742 | D:4      | 4thArraOfDagon: widzisz ddolny prawy rog
  3742 | D:4      | 4thArraOfDagon: put item on shopping list
  3742 | D:4      | Thaneod: ta
  3742 | D:4      | Thaneod: daj ten za 300
  3742 | D:4      | 4thArraOfDagon: czyli klikasz duza litere odpowiednika przedmiotu
  3742 | D:4      | 4thArraOfDagon: to bedzie E
  3742 | D:4      | Thaneod: szybciej info się pojawi
  3746 | D:4      | 4thArraOfDagon: zobaczymy czy mi powie
  3746 | D:4      | 4thArraOfDagon: jak uzbieram 300 golda
  3761 | D:5      | Entered Level 5 of the Dungeon
  3822 | D:5      | Thaneod: tylko nie giń czasem
  3864 | D:5      | Reached XP level 7. HP: 27/52 MP: 5/9
  3984 | D:5      | Found a staircase to the Ecumenical Temple.
  4025 | D:5      | Thaneod: a co zrobić z basenem (pool)?
  4132 | D:5      | 4thArraOfDagon: nic
  4132 | D:5      | 4thArraOfDagon: to dekoracja haha
  4186 | D:5      | 4thArraOfDagon: widzisz
  4186 | D:5      | Thaneod: aha
  4207 | D:5      | Thaneod: szkoda że się napić nie można
  4229 | D:5      | Noticed Ijyb
  4239 | D:5      | 4thArraOfDagon: taka lipa sie robi
  4239 | D:5      | Thaneod: Beogh?
  4239 | D:5      | 4thArraOfDagon: ta
  4239 | D:5      | 4thArraOfDagon: bog orkow
  4268 | D:5      | Thaneod: zmieniłęś się w drzewo:)
  4285 | D:5      | Reached skill level 5 in Maces & Flails
  4303 | D:5      | Killed Ijyb
  4418 | D:5      | 4thArraOfDagon: musialem
  4418 | D:5      | 4thArraOfDagon: sytuacja kryzysowa
  4453 | D:5      | Reached XP level 8. HP: 59/60 MP: 11/11
  4570 | D:6      | Thaneod: w cholerę orków i szaman
  4570 | D:6      | 4thArraOfDagon: powiadomil mnie
  4632 | D:4      | Thaneod: fajne
  4632 | D:4      | Bought an uncursed amulet of regeneration for 300 gold pieces
  4733 | D:6      | Thaneod: muisz iść do sklepu, czy Ci dronem przyleci?
  4765 | D:6      | 4thArraOfDagon: musze isc haha
  4819 | D:6      | Reached ** piety under Hepliaklqana
  4820 | D:6      | 4thArraOfDagon: o, dostalem umiejetnosc od bozka
  4820 | D:6      | 4thArraOfDagon: moge wybrac klase dla mojego przodka
  4820 | D:6      | Thaneod: ancestor to ten przydupas?
  4820 | D:6      | 4thArraOfDagon: ta
  4820 | D:6      | 4thArraOfDagon: ten moj bozek
  4820 | D:6      | 4thArraOfDagon: daje wlasnie ancestora
  4820 | D:6      | 4thArraOfDagon: co nawet jak ginie to sie sam odradza
  4820 | D:6      | 4thArraOfDagon: i robi sie pakerny razem z toba
  4820 | D:6      | Remembered your ancestor UAHS! as a battlemage
  4841 | D:6      | Thaneod: bombsquad?
  4891 | D:6      | 4thArraOfDagon: moge mu zmieniac imie
  4891 | D:6      | 4thArraOfDagon: taki feature :0
  4930 | D:6      | Reached skill level 5 in Invocations
  4944 | D:6      | Reached skill level 5 in Fighting
  5092 | D:7      | Thaneod: a czmeu nie wybrałeś na przykład tanka?
  5118 | D:7      | Got a crude trident
  5119 | D:7      | 4thArraOfDagon: o, jakis trojzabek
  5119 | D:7      | 4thArraOfDagon: artefaktek
  5120 | D:7      | 4thArraOfDagon: ork jest tankowy
  5136 | D:7      | Identified the +5 trident of Kindness {freeze, rPois rF+++} (You found it on level 7 of the Dungeon)
  5222 | D:7      | Reached XP level 9. HP: 66/66 MP: 13/13
  5318 | D:7      | Reached skill level 5 in Armour
  5324 | D:7      | Gained mutation: You are dopey. (Int -2) [mutagenic meat]
  5325 | D:7      | Gained mutation: Your magical capacity is low. (-10% MP) [mutagenic meat]
  5327 | D:7      | Gained mutation: You are resistant to hostile enchantments. (MR+) [mutagenic meat]
  5355 | D:7      | Thaneod: chujoawe korupcje
  5487 | D:7      | 4thArraOfDagon: no
  5487 | D:7      | 4thArraOfDagon: mutacje ciulowe
  5497 | D:7      | 4thArraOfDagon: ale da sie zyc
  5560 | D:8      | 4thArraOfDagon: o
  5560 | D:8      | 4thArraOfDagon: roar of battle
  5560 | D:8      | 4thArraOfDagon: unikatowy portal gdzies tu
  5560 | D:8      | 4thArraOfDagon: jak sie pojawia zolty napis
  5560 | D:8      | 4thArraOfDagon: to znaczy ze na tym lewelu jest taki portal
  5560 | D:8      | Thaneod: i co on robi?
  5560 | D:8      | 4thArraOfDagon: (czasowy) wiec trzeba sie spieszyc
  5560 | D:8      | 4thArraOfDagon: mozna wejsc i walczyc
  5560 | D:8      | 4thArraOfDagon: o jakies skarby
  5560 | D:8      | 4thArraOfDagon: w baileju jest wlasnie duzo rzeczy dla wojownikow
  5560 | D:8      | Thaneod: i pójdziesz?
  5560 | D:8      | 4thArraOfDagon: sproboje znalesc
  5563 | D:8      | Thaneod: a skąd wiesz co to za portal?
  5566 | D:8      | 4thArraOfDagon: bo widze po typie napisu
  5566 | D:8      | 4thArraOfDagon: roar of battle to bailey
  5566 | D:8      | Thaneod: aha ok
  5566 | D:8      | 4thArraOfDagon: cos tam 'of sand' to grobowiec
  5566 | D:8      | 4thArraOfDagon: itp
  5566 | D:8      | 4thArraOfDagon: splash of water to cos tam
  5566 | D:8      | 4thArraOfDagon: cos tam cos tam :)
  5566 | D:8      | Thaneod: There is an entrance to a bailey on this level. Hurry and find it before the portal closes forever!
  5566 | D:8      | Thaneod: aha ok
  5566 | D:8      | 4thArraOfDagon: ta, trzeba czytac
  5566 | D:8      | 4thArraOfDagon: ale jak widzisz to setki razy to juz wiesz
  5571 | D:8      | Thaneod: jak z adomem, chyba wiem więcej od Ciebie:P
  5572 | D:8      | 4thArraOfDagon: niewatpie :)
  5573 | D:8      | 4thArraOfDagon: patrz
  5573 | D:8      | 4thArraOfDagon: przeczytalem scroll of mapping
  5573 | D:8      | 4thArraOfDagon: i w prawym gornym rogu jest ten portal
  5573 | D:8      | 4thArraOfDagon: tez zolty punkt
  5573 | D:8      | Thaneod: a te inne punkty też coś znaczą?
  5573 | D:8      | 4thArraOfDagon: zolte punkty to portale i sklepy ale jak jest jeden to wiadomo co :)
  5573 | D:8      | Thaneod: bossy, albo artefakt?
  5573 | D:8      | 4thArraOfDagon: ta
  5573 | D:8      | 4thArraOfDagon: nie, tylko portale, przejscia itp
  5573 | D:8      | 4thArraOfDagon: to jest naprzyklad oltarz
  5573 | D:8      | 4thArraOfDagon: jakiegos bozka
  5573 | D:8      | 4thArraOfDagon: tu to samo
  5573 | D:8      | 4thArraOfDagon: tak czy inaczej wiem gdzie isc
  5573 | D:8      | 4thArraOfDagon: prawy gorny rog
  5579 | D:8      | Thaneod: ah szkoda że trzeba scrola czytać
  5629 | D:8      | Noticed a hornet
  5633 | D:8      | Killed a hornet
  5679 | D:8      | Found a flagged portal.
  5687 | D:8      | 4thArraOfDagon: jakis unikatowy toporek
  5693 | D:8      | Got a jewelled hand axe
  5694 | D:8      | Identified the cursed +2 hand axe of Action {drain, rF+ Str+5 Dex+2 Stlth-} (You found it on level 8 of the Dungeon)
  5695 | D:8      | 4thArraOfDagon: 69lipny
  5695 | D:8      | Thaneod: cursed
  5695 | D:8      | 4thArraOfDagon: hasztag lipa
  5699 | Bailey   | Entered a bailey
  5700 | Bailey   | Noticed nikopol's ghost (novice DEFE)
  5701 | Bailey   | 4thArraOfDagon: cholera
  5701 | Bailey   | 4thArraOfDagon: duch
  5712 | Bailey   | Killed nikopol's ghost
  5714 | Bailey   | Thaneod: wczoraj duch prawie zajebał perditolo, z 200 hp na 2:)
  5714 | Bailey   | 4thArraOfDagon: zabilem haha
  5714 | Bailey   | 4thArraOfDagon: uchy sa fajne :)
  5731 | Bailey   | minicreteconcrete: Hello 4thArraOfDagon
  5832 | Bailey   | 4thArraOfDagon: porzucajmy troche toporkami
  5832 | Bailey   | 4thArraOfDagon: hi
  5924 | Bailey   | Noticed an orc knight
  5966 | Bailey   | Killed an orc knight
  5966 | Bailey   | Reached XP level 10. HP: 29/77 MP: 13/13
  6047 | Bailey   | Thaneod: almsot:)
  6056 | Bailey   | Thaneod: almost*
  6158 | Bailey   | minicreteconcrete: Would you like to buy some concrete?
  6194 | Bailey   | 4thArraOfDagon: no
  6194 | Bailey   | 4thArraOfDagon: da fuk :)
  6195 | Bailey   | minicreteconcrete: ok
  6411 | D:8      | Reached *** piety under Hepliaklqana
  6421 | D:8      | Thaneod: coś ciekawrgo było w portalu poza tym orkiem?
  6430 | D:8      | Found a blossoming altar of Fedhas.
  6485 | D:8      | 4thArraOfDagon: duzo mikstur
  6537 | D:8      | Reached skill level 5 in Throwing
  6807 | D:9      | Thaneod: te EEL to jakaś pułapka?
  6815 | D:9      | Found a burning altar of Makhleb.
  6858 | D:10     | Entered Level 10 of the Dungeon
  7094 | D:9      | Noticed Joseph
  7102 | D:9      | Killed Joseph
  7102 | D:9      | Reached skill level 10 in Maces & Flails
  7155 | D:9      | Noticed a two-headed ogre
  7160 | D:9      | Killed a two-headed ogre
  7178 | D:9      | 4thArraOfDagon: to weze elektryczne
  7192 | D:9      | 4thArraOfDagon: wegorze
  7223 | D:9      | Reached XP level 11. HP: 79/84 MP: 15/15
  7293 | D:9      | 4thArraOfDagon: ppp
  7293 | D:9      | 4thArraOfDagon: ooo
  7293 | D:9      | Thaneod: ?
  7293 | D:9      | 4thArraOfDagon: za darmo +1lvl
  7293 | D:9      | 4thArraOfDagon: potion of exp
  7293 | D:9      | 4thArraOfDagon: bardzo zadka
  7293 | D:9      | Reached XP level 12. HP: 93/93 MP: 15/17
  7310 | D:9      | Learned a level 2 spell: Blink
  7330 | D:9      | Thaneod: i co wziąłeś?
  7416 | D:9      | Thaneod: znaczy skill i stat
  7416 | D:9      | 4thArraOfDagon: wypilem
  7426 | D:9      | 4thArraOfDagon: skille zostawilem jakie trenuje
  7426 | D:9      | 4thArraOfDagon: i wzialem sile
  7460 | D:9      | Found a staircase to the Orcish Mines.
  7502 | D:9      | Found a roughly hewn altar of Beogh.
  7555 | D:9      | Found a radiant altar of Vehumet.
  7562 | D:9      | Reached **** piety under Hepliaklqana
  7664 | D:10     | Noticed a two-headed ogre
  7672 | D:9      | Thaneod: ciągle głodny jesteś, a żadnych czarów nie rzucasz
  7804 | D:10     | Thaneod: oo nowy skill od boga
  7850 | D:10     | 4thArraOfDagon: oszczedzaM ZARCIE
  7886 | D:10     | Killed a two-headed ogre
  8051 | D:10     | Thaneod: a da się mieć łuk i topór jednocześnie?
  8233 | D:12     | 4thArraOfDagon: upgrade broni
  8233 | D:12     | 4thArraOfDagon: nie
  8271 | D:11     | Noticed a tengu warrior
  8271 | D:11     | Noticed a five-headed hydra
  8274 | D:11     | Reached skill level 10 in Invocations
  8432 | D:12     | Thaneod: znaczy waalczyć toporem, i strzelać strzałami bez ciągłeś zmiany przy użyciu "W"
  8490 | D:12     | Thaneod: a ten korbacz do dobry jest?
  8521 | D:12     | Thaneod: to*
  8546 | D:12     | Noticed a two-headed ogre
  8566 | D:12     | Killed a two-headed ogre
  8576 | D:12     | 4thArraOfDagon: sredni
  8576 | D:12     | 4thArraOfDagon: ale lepszy niz bat
  8576 | D:12     | 4thArraOfDagon: ktory mialem
  8676 | D:12     | Noticed an orc warlord
  8677 | D:12     | 4thArraOfDagon: :O
  8677 | D:12     | 4thArraOfDagon: musze uwazac
  8690 | D:12     | Paralysed by an orc sorcerer for 2 turns
  8777 | D:12     | Thaneod: boss ma dobrą bron?
  8853 | D:12     | 4thArraOfDagon: ma axe of distortion
  8853 | D:12     | 4thArraOfDagon: to jest najniezpieczniejszy brand na broni
  8853 | D:12     | 4thArraOfDagon: bo moze wrzucic cie do otchlani
  8857 | D:12     | Thaneod: o
  8871 | D:12     | Thaneod: a jakg o założysz to Ty możesz wysyłać potwory:>?
  8944 | D:12     | Killed an orc warlord
  8950 | D:12     | 4thArraOfDagon: ta
  8950 | D:12     | 4thArraOfDagon: ale wtedy zdjecie tej broni moze tez cie wyslac :)
  8968 | D:12     | Thaneod: chain mall unikatowy?
  8984 | D:12     | Thaneod: a to lipa
  9075 | D:12     | Thaneod: trident of piercing?
  9145 | D:12     | Noticed an ogre mage
  9152 | D:12     | Reached skill level 10 in Fighting
  9156 | D:12     | Killed an ogre mage
  9156 | D:12     | Reached skill level 5 in Dodging
  9156 | D:12     | Reached XP level 13. HP: 66/101 MP: 17/18
  9329 | D:12     | Gained mutation: You are robust. (+10% HP) [mutagenic meat]
  9496 | D:12     | Noticed Josephine
  9504 | D:12     | Killed Josephine
  9546 | D:12     | Gained mutation: You possess an exceptional clarity of mind. [mutagenic meat]
  9547 | D:12     | 4thArraOfDagon: le[piej
  9819 | D:13     | Noticed Kirke
  9887 | D:13     | Found a radiant altar of Vehumet.
  9928 | D:13     | 4thArraOfDagon: przec chwile bylem swinia :)
  9942 | D:13     | Thaneod: bad form mam już obcykane:)
 10225 | D:13     | Reached ***** piety under Hepliaklqana
 10561 | D:15     | Entered Level 15 of the Dungeon
 10619 | D:14     | Noticed Agnes
 10828 | D:11     | Reached skill level 10 in Armour
 11032 | D:11     | Thaneod: czemu masz coraz mniej javelinó?
 11149 | D:11     | 4thArraOfDagon: bo sie marnuja
 11531 | Orc:1    | Entered Level 1 of the Orcish Mines
 11651 | Orc:1    | Noticed Snorg
 11659 | Orc:1    | Killed Snorg
 11659 | Orc:1    | Reached XP level 14. HP: 122/122 MP: 15/20
 11742 | Orc:1    | Found a bloodstained altar of Trog.
 11789 | Orc:1    | Thaneod: będziesz jeszcze grał?
 11798 | Orc:1    | Noticed Nergalle
 11803 | Orc:1    | Killed Nergalle
 11815 | Orc:1    | Noticed Maurice
 11825 | Orc:1    | Killed Maurice
 11830 | Orc:1    | Noticed Fannar
 11842 | Orc:1    | Killed Fannar
 11879 | Orc:1    | 4thArraOfDagon: no
 11879 | Orc:1    | 4thArraOfDagon: a kiedy?
 11984 | Orc:2    | Entered Level 2 of the Orcish Mines
 12225 | Orc:2    | Found a staircase to the Elven Halls.
 12430 | Orc:2    | Thaneod: no teraz
 12434 | Orc:2    | Thaneod: sracz się zapchał
 12434 | Orc:2    | 4thArraOfDagon: no gram
 12435 | Orc:2    | 4thArraOfDagon: kurwa jak to
 12796 | Orc:2    | 4thArraOfDagon: o, dobra maczuga
 12844 | Orc:2    | Thaneod: pokas
 12946 | Orc:2    | Thaneod: bez tarczy?
 13042 | Orc:2    | Found Eghiqugi's Armour Shop.
 13042 | Orc:2    | Found Fuimm's Antique Armour Emporium.
 13044 | Orc:2    | Found Didiam's General Store.
 13044 | Orc:2    | Found Kiapp's Assorted Antiques.
 13048 | Orc:2    | 4thArraOfDagon: wurczna
 13050 | Orc:2    | 4thArraOfDagon: kur
 13052 | Orc:2    | Thaneod: ?
 13052 | Orc:2    | 4thArraOfDagon: dobry pirscionek
 13053 | Orc:2    | Bought a scroll labeled OMISORHUP for 23 gold pieces
 13053 | Orc:2    | Bought an emerald potion for 20 gold pieces
 13055 | Orc:2    | Bought a runed helmet for 292 gold pieces
 13055 | Orc:2    | Bought an ancient ring mail for 351 gold pieces
 13055 | Orc:2    | Thaneod: to jest ten sklep z antykami?
 13068 | Orc:2    | Identified the cursed +0 ring mail "Toemicoi" {rElec rF- rC+} (You bought it in a shop on level 2 of the Orcish Mines)
 13073 | Orc:2    | 4thArraOfDagon: lipa
 13087 | Orc:2    | Bought the ring "Xiduxil" {*Drain rF+ rN+ AC+3 SInv} for 415 gold pieces
 13089 | Orc:2    | Thaneod: da się okraść sklep?
 13102 | Orc:2    | 4thArraOfDagon: kurde, chcialbym :)
 13203 | D:9      | Found a staircase to the Lair.
 13217 | Lair:1   | Entered Level 1 of the Lair of Beasts
 14043 | Lair:3   | Reached skill level 15 in Maces & Flails
 14164 | Lair:3   | Found a staircase to the Shoals.
 14478 | Lair:5   | Found a runed door.
 14479 | Lair:5   | Found a viscous altar of Jiyva.
 14479 | Lair:5   | Found a staircase to the Slime Pits.
 14524 | Lair:5   | Noticed Urug
 14534 | Lair:5   | Killed Urug
 14593 | Lair:5   | Reached skill level 1 in Axes
 14593 | Lair:5   | Reached XP level 15. HP: 132/132 MP: 21/21
 14828 | Lair:6   | Entered Level 6 of the Lair of Beasts
 14831 | Lair:6   | Reached ****** piety under Hepliaklqana
 14864 | Lair:6   | Noticed Kidiri's ghost (journeyman DEFE)
 14868 | Lair:6   | Thaneod: o
 14885 | Lair:6   | Killed Kidiri's ghost
 14885 | Lair:6   | Reached skill level 5 in Axes
 14891 | Lair:6   | 4thArraOfDagon: kolejny
 14891 | Lair:6   | Thaneod: nie taki słaby
 14891 | Lair:6   | 4thArraOfDagon: zobaczmy jak zginal
 14891 | Lair:6   | 4thArraOfDagon: http://crawl.xtahua.com/crawl/morgue/Kidiri/morgue-Kidiri-20170628-124202.txt
 15294 | Lair:6   | Thaneod: lipne itemy
 15448 | Lair:6   | Reached skill level 10 in Axes
 15465 | Lair:6   | 4thArraOfDagon: czasami tak bywa
 15465 | Lair:6   | 4thArraOfDagon: niezawsze sa dobre itemy
 15465 | Lair:6   | 4thArraOfDagon: i trzeba sie meczyc
 15573 | Lair:6   | Thaneod: no
 15648 | Lair:5   | Thaneod: czyli co to robi?
 15654 | Lair:5   | 4thArraOfDagon: zamienia twojego przodka z wybranym potworem na ekranie miejscami
 15654 | Lair:5   | 4thArraOfDagon: i tego wroga drainuje
 15654 | Lair:5   | 4thArraOfDagon: drain zabiera skilla
 15654 | Lair:5   | Thaneod: aa
 15654 | Lair:5   | 4thArraOfDagon: czyli oslabia damage i obrone na przyklad
 15654 | Lair:5   | 4thArraOfDagon: typowo taktyczny skill
 16095 | Orc:1    | 4thArraOfDagon: dobra
 16095 | Orc:1    | Thaneod: ulepszyłeś item?
 16095 | Orc:1    | 4thArraOfDagon: ide tam gdzie ide
 16095 | Orc:1    | 4thArraOfDagon: ulepszylem bron
 16095 | Orc:1    | Thaneod: haha
 16095 | Orc:1    | Thaneod: czar?
 16095 | Orc:1    | 4thArraOfDagon: ide do elfow
 16095 | Orc:1    | 4thArraOfDagon: zabic troche elfow :)
 16095 | Orc:1    | Thaneod: ok
 16095 | Orc:1    | 4thArraOfDagon: myslisz ze sie uciesza z orka?
 16099 | Orc:1    | Thaneod: tak jak prawilni z murzyna:)
 16136 | Orc:2    | 4thArraOfDagon: dobri mudzin
 16137 | Elf:1    | Entered Level 1 of the Elven Halls
 16138 | Elf:1    | 4thArraOfDagon: o, laboratoriu,
 16138 | Elf:1    | 4thArraOfDagon: zolty napis :0
 16138 | Elf:1    | Thaneod: magic mapping?
 16138 | Elf:1    | 4thArraOfDagon: ta
 16138 | Elf:1    | Vajrapani: i'm also going to try speedrunning, do you always do elf early?
 16138 | Elf:1    | 4thArraOfDagon: niemam :S
 16178 | Elf:1    | 4thArraOfDagon: ale tu jest
 16181 | Elf:1    | 4thArraOfDagon: poznaje sciany
 16181 | Elf:1    | Thaneod: Vajrapani zadał pytanie jakby co:)
 16181 | Elf:1    | Thaneod: Vajrapani hi btw
 16181 | Elf:1    | Vajrapani: hello
 16181 | Elf:1    | 4thArraOfDagon: hi
 16181 | Elf:1    | 4thArraOfDagon: well not always
 16181 | Elf:1    | 4thArraOfDagon: if I have enough items i skip i
 16181 | Elf:1    | 4thArraOfDagon: it
 16181 | Elf:1    | Vajrapani: ah , okay
 16181 | Elf:1    | Vajrapani: so it's for the loot in elf:3
 16181 | Elf:1    | Vajrapani: makes sense
 16181 | Elf:1    | 4thArraOfDagon: yea
 16181 | Elf:1    | 4thArraOfDagon: im lacking armor
 16181 | Elf:1    | 4thArraOfDagon: so will search for some lucky drops
 16317 | Elf:1    | Found a deep blue altar of Sif Muna.
 16356 | Elf:1    | Found a magical portal.
 16365 | WizLab   | Entered Zonguldrok's Shrine
 16366 | WizLab   | 4thArraOfDagon: ok...
 16366 | WizLab   | Thaneod: ?
 16366 | WizLab   | 4thArraOfDagon: zonguldrok cementary
 16366 | WizLab   | Vajrapani: only good thing this has is the sword i think
 16366 | WizLab   | Thaneod: it is good?
 16366 | WizLab   | 4thArraOfDagon: http://crawl.chaosforge.org/Zonguldrok%27s_Shrine
 16366 | WizLab   | 4thArraOfDagon: yea
 16366 | WizLab   | Thaneod: thx
 16366 | WizLab   | 4thArraOfDagon: but worth exp and other items I think
 16366 | WizLab   | 4thArraOfDagon: lets see
 16366 | WizLab   | 4thArraOfDagon: it cannot be THAT bad
 16584 | WizLab   | Reached XP level 16. HP: 124/139 MP: 22/22
 16616 | WizLab   | Noticed an ancient champion
 16626 | WizLab   | Killed an ancient champion
 16689 | WizLab   | Noticed an antique lich
 16697 | WizLab   | Killed an antique lich
 16717 | WizLab   | Thaneod: allready dead?
 16717 | WizLab   | 4thArraOfDagon: yea
 16717 | WizLab   | 4thArraOfDagon: haha
 16717 | WizLab   | Thaneod: :)
 16717 | WizLab   | 4thArraOfDagon: ancestor did its job :)
 16726 | WizLab   | Learned a level 2 spell: Swiftness
 16730 | WizLab   | Learned a level 2 spell: Sublimation of Blood
 16754 | WizLab   | 4thArraOfDagon: here is the famous sword
 16754 | WizLab   | 4thArraOfDagon: animates dead upon slaying
 16754 | WizLab   | Thaneod: yeah funny
 16777 | Elf:1    | 4thArraOfDagon: min delay achieved
 16777 | Elf:1    | 4thArraOfDagon: 18skill for broadaxe
 16777 | Elf:1    | 4thArraOfDagon: look
 16938 | Elf:1    | Thaneod: so why not use?
 17293 | Elf:1    | 4thArraOfDagon: what
 17293 | Elf:1    | 4thArraOfDagon: sword?
 17294 | Elf:2    | Found Wydaj's Assorted Antiques.
 17410 | Elf:2    | Thaneod: yes
 17445 | Elf:2    | Learned a level 3 spell: Regeneration
 17445 | Elf:2    | 4thArraOfDagon: no nee
 17445 | Elf:2    | 4thArraOfDagon: its too late
 17445 | Elf:2    | 4thArraOfDagon: im into axes!!!1
 17445 | Elf:2    | 4thArraOfDagon: !!111111!!!!!!!!!!!!!1
 17481 | Elf:2    | Thaneod: forgot...
 17574 | Elf:2    | Vajrapani: also, that sword is only really good with a shield as well
 17578 | Elf:2    | Vajrapani: since it's a double sword
 17659 | Elf:2    | 4thArraOfDagon: yea
 17659 | Elf:2    | 4thArraOfDagon: speaking of shields
 17659 | Elf:2    | 4thArraOfDagon: got glowing buckler here
 17659 | Elf:2    | 4thArraOfDagon: lets see
 17678 | Elf:2    | 4thArraOfDagon: ohh, fantastic
 17690 | Elf:2    | Got a wavering brass ring
 17692 | Elf:2    | Identified the ring of Lunleh {*Tele Str-3 Int+3 Dex+4 SInv} (You found it on level 2 of the Elven Halls)
 17696 | Elf:2    | Got a coiled tin ring
 17697 | Elf:2    | Identified the ring of Humoblyuff {rElec rF- rC+ rN+ Dex+5} (You found it on level 2 of the Elven Halls)
 17712 | Elf:2    | 4thArraOfDagon: quite good
 17756 | Elf:2    | Thaneod: another tomahawark missing
 17920 | Elf:2    | Found a huge runed gate.
 17920 | Elf:2    | Found a huge runed gate.
 17920 | Elf:2    | Found a huge runed gate.
 17925 | Elf:2    | Found a huge runed gate.
 17925 | Elf:2    | Found a huge runed gate.
 18005 | Elf:2    | Thaneod: and ancestor after some levels is impressive
 18033 | Elf:2    | 4thArraOfDagon: yea
 18033 | Elf:2    | 4thArraOfDagon: I think I have played with Heliaqlana only once
 18033 | Elf:2    | Vajrapani: have you used the transference thing?
 18033 | Elf:2    | Vajrapani: where you transfer yourself
 18033 | Elf:2    | 4thArraOfDagon: naa
 18033 | Elf:2    | Vajrapani: it's like a weird controlled blink
 18033 | Elf:2    | Vajrapani: that costs piety
 18033 | Elf:2    | 4thArraOfDagon: I can harddly think of situation I would use it
 18033 | Elf:2    | 4thArraOfDagon: yea
 18033 | Elf:2    | 4thArraOfDagon: but very, very tactical
 18033 | Elf:2    | Vajrapani: yep
 18034 | Elf:3    | Entered Level 3 of the Elven Halls
 18048 | Elf:3    | Found Cejim's Book Boutique.
 18223 | Elf:3    | Reached XP level 17. HP: 139/150 MP: 23/23
 18261 | Elf:3    | Found Ekaod's Weapon Emporium.
 18839 | Elf:3    | Thaneod: why this is area is marded with "X"?
 18869 | Elf:3    | 4thArraOfDagon: because of orange statue
 18907 | Elf:3    | 4thArraOfDagon: its automarked in settings
 18917 | Elf:3    | Thaneod: ok
 18930 | Elf:3    | 4thArraOfDagon: it basically doest let in via autoexplore
 18930 | Elf:3    | 4thArraOfDagon: but manually
 18985 | Elf:3    | 4thArraOfDagon: lets roll
 18985 | Elf:3    | 4thArraOfDagon: 16% for banishment
 18985 | Elf:3    | Vajrapani: oh boy
 18985 | Elf:3    | 4thArraOfDagon: thats relatively small
 18985 | Elf:3    | 4thArraOfDagon: but
 18985 | Elf:3    | Thaneod: 2 shots mean 1/5
 18985 | Elf:3    | Thaneod: I mean almost 1/3
 18985 | Elf:3    | 4thArraOfDagon: lets see
 18985 | Elf:3    | 4thArraOfDagon: whats my fate
 18985 | Elf:3    | 4thArraOfDagon: !rng YOUWILLGETbanished YOUwillROLLtheELVESsmoothly
 18985 | Elf:3    | beem: The RNG chooses: both YOUWILLGETbanished and YOUwillROLLtheELVESsmoothly.
 18985 | Elf:3    | Vajrapani: lol
 18985 | Elf:3    | 4thArraOfDagon: so yeah...
 18985 | Elf:3    | Thaneod: xD
 18985 | Elf:3    | 4thArraOfDagon: both options
 18985 | Elf:3    | 4thArraOfDagon: thats not contradiction ;)
 19010 | Elf:3    | Noticed a deep elf master archer
 19023 | Elf:3    | Noticed a deep elf blademaster
 19031 | Elf:3    | Killed a deep elf blademaster
 19037 | Elf:3    | Killed a deep elf master archer
 19079 | Elf:3    | Noticed a deep elf blademaster
 19080 | Elf:3    | 4thArraOfDagon: !rng youWILLgetBETTERarmor youwillGETbetterWEAPON youWOntgetAshit!
 19080 | Elf:3    | beem: The RNG chooses: youWOntgetAshit!.
 19080 | Elf:3    | 4thArraOfDagon: so
 19080 | Elf:3    | 4thArraOfDagon: :)
 19103 | Elf:3    | Killed a deep elf blademaster
 19190 | Elf:3    | Vajrapani: @? deep elf blademaster
 19192 | Elf:3    | beem: deep elf blademaster (e)
                  | Spd:
    15 | HD: 16   | HP: 85-120
                  | AC/EV: 3/25
                  | Dam: 25, 25
                  | weapons, items, doors, two-weapon, fighter
                  | Res: magic(120)
                  | XP:
  2571 | Sz: Medium | Int: human.
 19226 | Elf:3    | Vajrapani: 3 AC, i wonder if scattershot 1-shots blademasters
 19257 | Elf:3    | 4thArraOfDagon: naa
 19257 | Elf:3    | Vajrapani: ah, okay
 19257 | Elf:3    | 4thArraOfDagon: but I saw blademasters with crystal plate and I tell you they are tough bastards!
 19348 | Elf:3    | Noticed a deep elf blademaster
 19348 | Elf:3    | 4thArraOfDagon: aaa
 19506 | Elf:3    | Killed a deep elf blademaster
 19506 | Elf:3    | Reached skill level 10 in Dodging
 19565 | Elf:3    | Got a vibrating amethyst amulet
 19658 | Elf:3    | Noticed a deep elf blademaster
 19705 | Elf:3    | Noticed an Ice Fiend
 19711 | Elf:3    | Got a transparent brass amulet
 19752 | Elf:3    | Reached skill level 15 in Fighting
 19755 | Elf:3    | Identified the amulet of a Thousand Demons {Spirit rN+} (You took it off a deep elf demonologist on level 3 of the Elven Halls)
 19790 | Elf:3    | Noticed a deep elf master archer
 19810 | Elf:3    | Killed a deep elf master archer
 19870 | Elf:3    | Thaneod: I'm off after final boss here
 19889 | Elf:3    | Thaneod: or after death:)
 19895 | Elf:3    | 4thArraOfDagon: just wait for loot chamber
 19895 | Elf:3    | 4thArraOfDagon: :)
 20017 | Elf:3    | Identified the amulet "Qejor" {RegenMP Dex+2} (You took it off a deep elf elementalist on level 3 of the Elven Halls)
 20027 | Elf:3    | Reached skill level 15 in Armour
 20220 | Elf:3    | Reached XP level 18. HP: 163/163 MP: 24/24
 20240 | Elf:3    | Killed a deep elf blademaster
 20276 | Elf:3    | Got a translucent great sword {elec}
 20277 | Elf:3    | Identified the +6 great sword of Latial {elec, rF+ rN+ Dex+4} (You took it off a deep elf annihilator on level 3 of the Elven Halls)
 20278 | Elf:3    | 4thArraOfDagon: man, what a good sword
 20278 | Elf:3    | Thaneod: yea
 20278 | Elf:3    | 4thArraOfDagon: Than you were right, I ought to go swords :)
 20382 | Elf:3    | Got a pair of slimy boots
 20393 | Elf:3    | Identified the cursed +0 pair of boots "Reblieh" {Str+9 Int-3} (You found it on level 3 of the Elven Halls)
 20417 | Elf:3    | Thaneod: show boots again
 20426 | Elf:3    | 4thArraOfDagon: great ones
 20426 | Elf:3    | 4thArraOfDagon: +9str
 20426 | Elf:3    | Thaneod: this is unfair
 20427 | Elf:3    | Got a translucent ring mail
 20438 | Elf:3    | Identified the +5 ring mail of Hairiness {rElec rF- rN+++ Int+3} (You found it on level 3 of the Elven Halls)
 20438 | Elf:3    | Thaneod: you don't deserve
 20438 | Elf:3    | 4thArraOfDagon: FU :)
 20450 | Elf:3    | 4thArraOfDagon: and even manual of swords
 20461 | Elf:3    | Got a pair of dazzling gloves
 20467 | Elf:3    | Identified the cursed +0 pair of gloves "Luogah" {rElec Str+7 Int-3 Stlth+} (You found it on level 3 of the Elven Halls)
 20476 | Elf:3    | Vajrapani: jesus that's a combined +16 str
 20482 | Elf:3    | Thaneod: even more str
 20484 | Elf:3    | Vajrapani: that's like a chei-boosted strength
 20485 | Elf:3    | Got a steaming scale mail
 20496 | Elf:3    | Identified the cursed +1 scale mail of Filth {rF+} (You found it on level 3 of the Elven Halls)
 20515 | Elf:3    | 4thArraOfDagon: yea...
 20515 | Elf:3    | 4thArraOfDagon: what do you think about swords
 20515 | Elf:3    | 4thArraOfDagon: I have manual
 20515 | Elf:3    | Vajrapani: hm
 20515 | Elf:3    | 4thArraOfDagon: that might be endgame
 20515 | Elf:3    | 4thArraOfDagon: weapon
 20515 | Elf:3    | Vajrapani: yea, but it'll take at least 16 skill for 1.0 speed
 20515 | Elf:3    | 4thArraOfDagon: but im not sure abou t its ddmg output with +6 enchantment
 20515 | Elf:3    | Vajrapani: ??great sword
 20515 | Elf:3    | beem: great sword[1/2]: (long blades; -3 acc / 15 dam / 1.7 base delay / 0.7 min delay; two handed). A sword with a very long, heavy blade and a long handle.
 20515 | Elf:3    | 4thArraOfDagon: ??broad axe
 20515 | Elf:3    | beem: broad axe[1/2]: (axes; -2 acc / 13 dam / 1.6 base delay / 0.7 min delay). A war axe improved with langets, spikes, a lengthed haft and a single-bladed crescent head. The largest one handed axe.
 20515 | Elf:3    | 4thArraOfDagon: im after it
 20515 | Elf:3    | 4thArraOfDagon: I have no good axes, nor shields
 20570 | Elf:3    | Thaneod: I guess in next vault, you will find great axse, if you pick swords:)
 20571 | Elf:3    | 4thArraOfDagon: ohhhh, shut up
 20595 | Elf:3    | Reached skill level 1 in Long Blades
 20784 | Lair:1   | Thaneod: ok thx for game, and see ya
 20784 | Lair:1   | 4thArraOfDagon: cu bro :)
 20919 | Lair:2   | Reached skill level 2 in Long Blades
 20926 | Lair:2   | Found a staircase to the Snake Pit.
 21003 | Shoals:1 | Entered Level 1 of the Shoals
 21003 | Shoals:1 | Noticed Aizul
 21016 | Shoals:1 | Killed Aizul
 21016 | Shoals:1 | Reached skill level 4 in Long Blades
 21106 | Shoals:1 | Noticed Donald
 21110 | Shoals:1 | Vajrapani: lol vampiric war axe
 21116 | Shoals:1 | Killed Donald
 21116 | Shoals:1 | Reached skill level 5 in Long Blades
 21121 | Shoals:1 | 4thArraOfDagon: and here comes branded shield
 21135 | Shoals:1 | Reached skill level 6 in Long Blades
 21174 | Shoals:1 | 4thArraOfDagon: will I pay for my inconsistance?
 21174 | Shoals:1 | 4thArraOfDagon: !rng yes no
 21254 | Shoals:1 | beem: The RNG chooses: no.
 21318 | Shoals:2 | Reached skill level 7 in Long Blades
 21392 | Shoals:1 | Reached skill level 8 in Long Blades
 21408 | Shoals:1 | Reached skill level 9 in Long Blades
 21558 | Shoals:2 | Reached skill level 10 in Long Blades
 21849 | Shoals:3 | Reached skill level 11 in Long Blades
 21879 | Shoals:3 | Reached skill level 12 in Long Blades
 22107 | Shoals:3 | Reached skill level 13 in Long Blades
 22502 | Shoals:4 | Entered Level 4 of the Shoals
 22510 | Shoals:4 | Reached skill level 14 in Long Blades
 22665 | Shoals:4 | 4thArraOfDagon: blah
 22665 | Shoals:4 | Identified the +4 broad axe "Suesuah" {speed, +Inv Str+3 Int-2} (You took it off a merfolk siren on level 4 of the Shoals)
 22907 | Shoals:4 | Got a fine battleaxe
 22908 | Shoals:4 | Identified the cursed +0 battleaxe "Aboergho" {chop, MR+} (You found it on level 4 of the Shoals)
 22961 | Shoals:4 | Reached skill level 15 in Long Blades
 23008 | Shoals:4 | Reached XP level 19. HP: 126/170 MP: 25/25
 23138 | Shoals:4 | Got a barnacled rune of Zot
 23435 | Shoals:4 | Reached skill level 16 in Long Blades
 23442 | Shoals:4 | Noticed Ilsuiw
 23457 | Shoals:3 | Killed Ilsuiw
 23529 | Shoals:4 | Noticed Polyphemus
 23537 | Shoals:4 | Killed Polyphemus
 23840 | Shoals:4 | Vajrapani: gl
 23859 | Shoals:3 | 4thArraOfDagon: ty
 23990 | Snake:1  | Entered Level 1 of the Snake Pit
 24014 | Snake:1  | Reached skill level 17 in Long Blades
 24223 | Snake:2  | Noticed Azrael
 24233 | Snake:2  | Killed Azrael
 24748 | Snake:2  | Noticed Jorgrun
 24758 | Snake:2  | Killed Jorgrun
 24758 | Snake:2  | Reached skill level 18 in Long Blades
 24847 | Snake:2  | Noticed Vashnia
 24868 | Snake:2  | Killed Vashnia
 25092 | Snake:3  | Found a frozen archway.
 25135 | IceCv    | Entered an ice cave
 25221 | IceCv    | Got a jewelled hat
 25227 | IceCv    | Identified the cursed -4 hat of Omission {rElec rPois rF- Dex-5} (You found it in an ice cave)
 25319 | IceCv    | Noticed an Ice Fiend
 25325 | IceCv    | Noticed an Ice Fiend
 25325 | IceCv    | Killed an Ice Fiend
 25325 | IceCv    | Reached XP level 20. HP: 165/179 MP: 26/26
 25333 | IceCv    | Reached skill level 19 in Long Blades
 25682 | Snake:4  | Entered Level 4 of the Snake Pit
 25682 | Snake:4  | Noticed Asterion
 25700 | Snake:4  | Killed Asterion
 26181 | Snake:4  | Reached skill level 20 in Long Blades
 26807 | Snake:4  | Got a serpentine rune of Zot
 27076 | Slime:1  | Entered Level 1 of the Pits of Slime
 27620 | Slime:2  | Reached XP level 21. HP: 160/189 MP: 27/27
 27643 | Slime:1  | Gained mutation: Your spells are a little easier to cast, but a little less powerful. [a shining eye]
 27871 | Slime:5  | Entered Level 5 of the Pits of Slime
 28291 | Slime:5  | Found a viscous altar of Jiyva.
 28292 | Slime:5  | Noticed the Royal Jelly
 28313 | Slime:5  | Killed the Royal Jelly
 28386 | Slime:5  | Identified the +7 great mace of Poetewno {crush, rElec rPois rF+ Stlth+} (You found it on level 5 of the Pits of Slime)
 28393 | Slime:5  | Identified a scroll of acquirement
 28400 | Slime:5  | Got a crude scarf
 28406 | Slime:5  | Identified the scarf "Yclerr" {Int+3} (You acquired it on level 5 of the Pits of Slime)
 28433 | Slime:5  | Learned a level 5 spell: Lee's Rapid Deconstruction
 28436 | Slime:5  | Learned a level 2 spell: Passwall
 28441 | Slime:5  | Learned a level 4 spell: Passage of Golubria
 28450 | Slime:5  | Identified the +4 chain mail of Defiance {rPois Dex+4 Stlth+} (You found it on level 5 of the Pits of Slime)
 28471 | Slime:5  | Got a slimy rune of Zot
 28472 | Slime:5  | Identified Lydalowodu's Incunabulum of Fiery Glamour
 28530 | Slime:5  | Gained mutation: Potions are less effective at restoring your health. [a shining eye]
 28582 | Slime:5  | Reached skill level 1 in Necromancy
 28585 | Slime:5  | Reached skill level 1 in Charms
 28932 | D:13     | Lost mutation: You are robust. (+10% HP) [potion of mutation]
 28932 | D:13     | Lost mutation: Your magical capacity is low. (-10% MP) [potion of mutation]
 28932 | D:13     | Lost mutation: Your spells are a little easier to cast, but a little less powerful. [potion of mutation]
 28932 | D:13     | Lost mutation: You possess an exceptional clarity of mind. [potion of mutation]
 28932 | D:13     | Lost mutation: You are resistant to hostile enchantments. (MR+) [potion of mutation]
 28932 | D:13     | Gained mutation: You occasionally shout uncontrollably at your foes. [potion of mutation]
 28932 | D:13     | Lost mutation: You are dopey. (Int -2) [potion of mutation]
 28933 | D:13     | Lost mutation: You occasionally shout uncontrollably at your foes. [potion of mutation]
 28933 | D:13     | Lost mutation: Potions are less effective at restoring your health. [potion of mutation]
 28933 | D:13     | Gained mutation: You are frail. (-10% HP) [potion of mutation]
 28933 | D:13     | Gained mutation: You are covered in fur. (AC +1) [potion of mutation]
 28933 | D:13     | Gained mutation: You possess an exceptional clarity of mind. [potion of mutation]
 28934 | D:13     | Lost mutation: You are covered in fur. (AC +1) [potion of mutation]
 28934 | D:13     | Lost mutation: You possess an exceptional clarity of mind. [potion of mutation]
 28934 | D:13     | Lost mutation: You are frail. (-10% HP) [potion of mutation]
 28934 | D:13     | Gained mutation: You are resistant to hostile enchantments. (MR+) [potion of mutation]
 28934 | D:13     | Gained mutation: Your muscles are strong. (Str +2) [potion of mutation]
 28934 | D:13     | Gained mutation: You are partially covered in yellow scales. (AC +2) [potion of mutation]
 28977 | D:14     | Killed Agnes
 29729 | D:14     | Found a gate to the Vaults.
 29748 | Vaults:1 | Entered Level 1 of the Vaults
 29802 | Vaults:1 | Reached XP level 22. HP: 133/180 MP: 32/32
 30209 | Vaults:1 | Found Piutak's Distillery.
 30212 | Vaults:1 | Bought a potion of heal wounds for 85 gold pieces
 30212 | Vaults:1 | Bought a potion of cancellation for 136 gold pieces
 30212 | Vaults:1 | Bought a potion of resistance for 170 gold pieces
 30212 | Vaults:1 | Bought a potion of flight for 51 gold pieces
 30212 | Vaults:1 | Bought a potion of flight for 51 gold pieces
 30460 | Vaults:2 | Gained mutation: You are clumsy. (Dex -2) [a cacodemon]
 30541 | Vaults:2 | Reached skill level 5 in Necromancy
 30687 | Vaults:2 | Reached skill level 5 in Charms
 30966 | Vaults:2 | Noticed Mara
 30971 | Vaults:2 | Killed Mara
 31850 | Vaults:4 | Reached XP level 23. HP: 179/188 MP: 33/33
 31935 | Vaults:4 | Found Kion's Weapon Shoppe.
 32291 | Vaults:4 | Reached skill level 10 in Throwing
 32578 | Vaults:5 | Entered Level 5 of the Vaults
 32842 | Vaults:4 | Reached skill level 1 in Translocations
 32882 | Vaults:5 | Noticed a golden dragon
 32895 | Vaults:5 | Killed a golden dragon
 32904 | Vaults:5 | Reached skill level 15 in Invocations
 32937 | Vaults:5 | DADFUCK
 33048 | Vaults:5 | Mangled by a titan

Vault maps used:
D:1:      elethiomel_arrival_diamonds, nemelex_xobeh_ov_fountains_minmay
D:2:      chequers_temple_overflow_minitemple
D:3:      first_bread, okawaru_ov_weapons_minmay
D:4:      serial_shops, shop, nicolae_shop_trees, kennysheep_little_box,
          minmay_misc_feat_chi, kennysheep_flooded_box
D:5:      minmay_temple_entry_junction_2, uniq_ijyb
D:6:      serial_glass, glass_columns_b, glass_columns_b, glass_columns_b,
          glass_columns_a, glass_columns_a, glass_columns_b, glass_columns_b,
          glass_columns_a, glass_columns_a, glass_columns_b, item_on_display_a,
          minmay_strange_pillars, minmay_tree_intersection
D:7:      grunt_livestock
D:8:      tgw_fedhas, kennysheep_mini_moat, enter_bailey_2, disabler_island
D:9:      grunt_temple_overflow_lords_of_destruction, marbit_many_paths,
          grunt_lair_entry_orc_guard_hut, minmay_orc_entry_temple_small,
          special_room, uniq_erolcha, uniq_joseph
D:11:     grunt_decor_mini_mirrors, kennysheep_small_spiral
D:12:     minmay_the_grid_3x2, kennysheep_potato, uniq_josephine
D:13:     basic_altar, minmay_misc_feat_encased, uniq_kirke
D:14:     grunt_vaults_entry_fortified, kennysheep_decorative_pillar,
          serial_corexii_hall, corexii_hall_statues_x, corexii_hall_statues_l,
          hangedman_batty, uniq_agnes
D:15:     grunt_enter_depths_magical_seal, hangedman_abyss_or_decor_passed,
          minmay_guarded_unrand_prune
Lair:1:   roderic_batcave
Lair:2:   minmay_snake_entry_guardpost_medium, beast_lair_carwin_9
Lair:3:   shoals_dummy_entry, beast_lair_carwin_4, lemuel_fruit_tree,
          infiniplex_staircase_pool_2
Lair:5:   slime_altar_2, serial_bayou_shore_b, grunt_megastairs_2, uniq_urug
Lair:6:   evilmike_catoblepas_cave, nicolae_quartered_pool_little,
          grunt_megastairs_4
Shoals:1: uniq_aizul, uniq_donald
Shoals:2: nicolae_shoals_drake_roost
Shoals:3: nicolae_shoals_mertower
Shoals:4: shoals_end_grunt_ice, shoals_ilsuiw_ice, nicolae_shoals_undead_eyrie,
          uniq_polyphemus
Snake:1:  grunt_megastairs_3
Snake:2:  uniq_vashnia, uniq_azrael, uniq_jorgrun
Snake:3:  portal_ice_cave_entry_ice_statue_two
Snake:4:  snake_pit, grunt_ministairs_12, st_stairs_7, uniq_asterion,
          uniq_louise
Slime:1:  cheibrodos_slime_lost_civilization_1
Slime:2:  cheibrodos_slime_lost_civilization_7
Orc:1:    trog_butcher_becter, uniq_snorg, uniq_fannar, uniq_nergalle,
          uniq_maurice
Orc:2:    grunt_orc_tribal_feast
Elf:1:    mu_enter_wizlab_3, basic_altar, hangedman_elven_crosses_minicolossus,
          st_stairs_9
Elf:2:    serial_shops, shop, minmay_checkered_concentric_circles, uniq_nikola
Elf:3:    minmay_elf_hall_circle, serial_shops, shop, nicolae_shop_trees,
          minivault_16, grunt_ministairs_8
Vaults:1: vaults_room_glass_cross, v_misc_13, vaults_room_mumra_shop_pool,
          vaults_room_semicircle, v_pattern_4, hangedman_vaults_river_flow,
          v_misc_23, nicolae_vaults_windows_and_doors_thing, v_alt_pattern_6,
          nicolae_vaults_alarming, vaults_mumra_lcd,
          vaults_standard_mumra_enter_the_diamond, vaults_room_stairs_pillars,
          serial_shops, nicolae_shop_window_shopping
Vaults:2: nicolae_vaults_mini_display_case, nicolae_vaults_little_squares_1,
          hangedman_vaults_nodes, nicolae_vaults_hallways_thing,
          vaults_room_door_hall, v_misc_4, ontoclasm_vaults_eye,
          minmay_crypt_entry_necro_gods, nicolae_vaults_border_crossing,
          nicolae_vaults_statue_guard, v_misc_16, serial_shops, shop, uniq_mara
Vaults:3: v_misc_5, ontoclasm_vaults_fault, v_misc_9,
          nicolae_vaults_little_squares_6, nicolae_vaults_angled_halls,
          vaults_mumra_minichess
Vaults:4: v_misc_19, v_pattern_1, vaults_dpeg_diagonal, v_alt_pattern_3,
          vaults_room_hallway, vaults_room_pools, hangedman_vaults_impose,
          grunt_vaults_diagonal, nicolae_vaults_c_with_doors,
          vaults_dpeg_encased_lava, grunt_vaults_hallway_short, v_alt_pattern_4,
          nicolae_vaults_network_quinsquares, serial_shops,
          nicolae_shop_window_shopping
Vaults:5: serial_shops
Bailey:   bailey_axe_2, bailey
IceCv:    ice_cave_small_demon
WizLab:   wizlab_zonguldrok

Skill      XL: |  1  2  3  4  5  6  7  8  9 10 11 12 13 14 15 16 17 18 19 20 21 22 23 |
---------------+----------------------------------------------------------------------+-----
Armour         | 1 2 3 4 6 7 8 9 10 11 12 13 15 16 17 | 17.4
Fighting       | 1 2 3 4 5 7 9 10 12 13 15 16 17 18 | 18.3
Maces & Flails | 1 2 3 5 6 8 10 11 12 13 15 | 15.2
Invocations    | 1 2 3 4 5 7 8 9 10 11 12 13 14 15 | 15.0
Throwing       | 1 2 3 4 5 6 7 8 9 10 | 10.4
Dodging        | 2 3 5 6 7 8 10 11 12 | 12.9
Axes           | 1 13 14 | 14.8
Long Blades    | 15 18 20 | 20.0
Necromancy     | 3 6 7 |  7.5
Charms         | 3 6 7 |  7.3
Spellcasting   | 2 3 4 |  4.8
Translocations | 2 |  2.5
Short Blades   | |  1.0
Stealth        | |  2.4
Hexes          | |  3.0

Action                   |  1- 3 |  4- 6 |  7- 9 | 10-12 | 13-15 | 16-18 | 19-21 | 22-24 || total
-------------------------+-------+-------+-------+-------+-------+-------+-------+-------++-------
Melee: Dagger            |   115 |       |       |       |       |       |       |       ||   115
       Whip              |    17 |   138 |   203 |   355 |       |       |       |       ||   713
       Trident           |       |       |    19 |       |    21 |       |   363 |       ||   403
       Flail             |       |       |       |   102 |   321 |       |       |       ||   423
       Great mace        |       |       |       |       |   225 |       |       |       ||   225
       War axe           |       |       |       |       |   147 |       |       |       ||   147
       Broad axe         |       |       |       |       |   350 |   903 |   274 |       ||  1527
       Great sword       |       |       |       |       |       |       |   541 |   719 ||  1260
Throw: Javelin           |       |    10 |    47 |    48 |    33 |     1 |       |       ||   139
       Tomahawk          |       |       |    21 |    11 |    45 |    29 |       |       ||   106
 Cast: Corona            |    13 |       |       |       |       |       |       |       ||    13
       Ensorcelled Hiber |     5 |       |       |       |       |       |       |       ||     5
       Regeneration      |       |       |       |       |       |       |     1 |    42 ||    43
Invok: Ancestor Identity |     1 |       |     1 |       |       |       |     1 |       ||     3
       Recall Ancestor   |       |     3 |     2 |     1 |     1 |     3 |     1 |     2 ||    13
       Ancestor Life: Ba |       |       |     1 |       |       |       |       |       ||     1
       Idealise          |       |       |       |     1 |     6 |    18 |     9 |     4 ||    38
Evoke: Wand              |       |       |    11 |    13 |     8 |     6 |     8 |       ||    46
       Phial of floods   |       |       |       |     1 |       |       |       |       ||     1
       Sack of spiders   |       |       |       |       |       |     4 |       |       ||     4
       Fan of gales      |       |       |       |       |       |       |       |     1 ||     1
  Use: Potion            |     2 |       |     4 |     2 |     1 |     8 |     9 |    17 ||    43
       Scroll            |       |     5 |    14 |     5 |    19 |    19 |    13 |     8 ||    83
 Stab: Sleeping          |     4 |       |       |       |       |       |       |       ||     4
       Distracted        |       |     1 |     3 |     5 |    21 |    24 |    31 |    11 ||    96
       Petrified         |       |       |       |       |     1 |       |     2 |       ||     3
  Eat: Chunk             |     4 |     3 |     5 |    11 |    13 |     5 |     3 |       ||    44
       Fruit             |       |     6 |     3 |     3 |    13 |    10 |       |     1 ||    36
       Royal jelly       |       |       |     1 |     1 |     4 |     2 |     4 |     3 ||    15
       Bread ration      |       |       |       |       |       |     1 |     4 |     2 ||     7
Armor: Robe              |    18 |       |       |       |       |       |       |       ||    18
       Chain mail        |     7 |   105 |   168 |   101 |       |       |       |       ||   381
       Ring mail         |     3 |       |       |       |       |       |       |       ||     3
       Skin              |       |       |    67 |       |       |       |       |       ||    67
       Troll leather arm |       |       |       |    59 |     6 |       |       |       ||    65
       Plate armour      |       |       |       |       |   642 |   441 |   628 |   414 ||  2125
Dodge: Dodged            |    77 |    31 |    76 |   152 |   340 |   316 |   618 |   495 ||  2105
       Rpst.: Great sword |       |       |       |       |       |       |    78 |   111 ||   189
